Map: King Sejong Station LE

Players

Fropez

  • Race: Protoss Protoss
  • League: Gold
  • Spawn Location: 5:00

coward - Winner!

  • Race: Zerg Zerg
  • League: Silver
  • Spawn Location: 11:00

VOD

Have the link to the VOD?

Description

Time

  • Played on: Aug. 20, 2016, 9:56 a.m.
  • Length: 3:49
Show
View Real Time Build Order
Export as new Build Order

Fropez Protoss 

Build Orders:  

Get SALT Encoding   

  12  0:01  Probe (Chrono Boost)  
  13  0:17  Pylon  
  13  0:23  Probe (Chrono Boost)  
  14  0:34  Probe (Chrono Boost)  
  15  0:36  Gateway  
  15  0:46  Probe (Chrono Boost)  
  15  0:49  Assimilator  
  16  0:56  Pylon  
  16  0:59  Probe (Chrono Boost)  
  17  1:10  Probe (Chrono Boost)  
  18  1:17  Gateway  
  18  1:21  Probe (Chrono Boost)  
  19  1:31  Cybernetics Core  
  19  1:37  Pylon  
  19  1:40  Probe (Chrono Boost)  
  20  1:54  Probe (Chrono Boost)  
  20  1:59  Zealot (Chrono Boost)  
  22  2:09  Mothership Core  
  24  2:23  Adept (Chrono Boost)  
  28  2:30  Probe  
  28  2:31  Adept (Chrono Boost)  
  29  2:43  Probe, Gateway  
  30  2:45  Assimilator  
  28  2:55  Probe  
  29  3:00  Pylon  
  29  3:05  Adept  
  27  3:21  Probe  
  19  3:33  Probe  
Show
View Real Time Build Order
Export as new Build Order

coward Zerg - Winner!

Build Orders: Pool First 

Get SALT Encoding   

  12  0:01  Drone  
  13  0:21  Spawning Pool  
  13  0:26  Extractor  
  13  0:28  Drone  
  12  0:33  Drone  
  13  0:41  Overlord  
  13  0:50  Drone  
  14  0:59  Drone  
  14  1:00  Drone  
  16  1:12  Queen  
  16  1:16  Zergling x2  
  19  1:23  Zergling x2  
  20  1:28  Metabolic Boost  
  20  1:36  Zergling x2  
  21  1:44  Zergling x2  
  22  2:04  Overlord  
  22  2:08  Hatchery  
  21  2:23  Zergling x10  
  23  3:02  Zergling x10  
  27  3:26  Drone  
  27  3:28  Drone x3  
  27  3:33  Drone x2  
  31  3:34  Drone  
Tags
 
Add a new tag
Caveats
  • Supply blocks, unpowered buildings, or Contaminate may cause inaccurate times.
  • Supply counts are checked every 10 seconds.